 Dungeon Crawl Stone Soup version 0.31-a0-236-g9a0961fb85 (webtiles) character file.

Game seed: 9795108533613491780

90 qw the Shooter (level 4, -4/36 HPs)
             Began as a Minotaur Hexslinger on July 10, 2023.
             Slain by an iguana (8 damage)
             ... on level 3 of the Dungeon.
             The game lasted 00:00:37 (2294 turns).

qw the Shooter (Minotaur Hexslinger)                Turns: 2294, Time: 00:00:37

Health: -4/36      AC:  8    Str: 13    XL:     4   Next: 32%
Magic:  4/4        EV: 11    Int: 10    God:
Gold:   91         SH:  0    Dex: 14    Spells: 4/5 levels left

rFire   . . .        Y - +1 sling
rCold   . . .        (no shield)
rNeg    . . .        d - +0 ring mail
rPois   .            (helmet restricted)
rElec   .            (no cloak)
rCorr   .            c - +2 pair of gloves
SInv    .            (no boots)
Will    .....        (no amulet)
Stlth   +            i - +4 ring of slaying {mikee}
HPRegen 0.26/turn    (no ring)
MPRegen 0.09/turn

%: no passive effects
@: about to teleport
A: horns 2, retaliatory headbutt
a: no special abilities


You were on level 3 of the Dungeon.
You visited 1 branch of the dungeon, and saw 3 of its levels.

You collected 91 gold pieces.


Innate Abilities, Weirdness & Mutations

You have a pair of horns on your head.
You reflexively headbutt those who attack you in melee.


   Skills:
 - Level 2.1 Fighting
 + Level 4.1 Ranged Weapons
 - Level 2.2 Armour
 - Level 2.1 Dodging
 - Level 1.0 Spellcasting
 - Level 2.0 Hexes


You had 4 spell levels left.
You knew the following spells:

 Your Spells              Type           Power      Damage    Failure   Level
a - Slow                  Hex            16%        N/A       32%         1

Your spell library contained the following spells:

 Spells                   Type           Power      Damage    Failure   Level
 Inner Flame              Hex/Fire       2%         N/A       82%         3
 Portal Projectile        Hex/Tloc       4%         N/A       82%         3
 Cause Fear               Hex            2%         N/A       97%         4

Inventory:

Hand Weapons
 Y - a +1 sling (weapon)
Armour
 c - a +2 pair of gloves (worn)
 d - a +0 ring mail (worn)
Jewellery
 i - a +4 ring of slaying (left hand) {mikee}
Scrolls
 a - a scroll of identify
 h - a scroll of teleportation
Potions
 b - a potion of berserk rage {unknown}
 e - a potion of haste
 f - a potion of lignification {unknown}

Dungeon Overview and Level Annotations

Branches:
Dungeon (3/15)

Altars:

Shops:
D:1 [=*(


Message History

The iguana is moderately wounded.
A bat comes into view.
The iguana closely misses you.
The iguana bites you but does no damage.
You shoot a sling bullet.
The sling bullet closely misses the iguana.
The sling bullet hits the bat.
You kill the bat!
The iguana bites you.
You shoot a sling bullet.
The sling bullet closely misses the iguana.
The iguana barely misses you.
You shoot a sling bullet. The sling bullet hits the iguana.
The iguana is heavily wounded.
The iguana bites you! x2
You shoot a sling bullet.
The sling bullet barely misses the iguana.
The iguana bites you but does no damage.
You shoot a sling bullet.
The sling bullet hits the iguana but does no damage.
The iguana is heavily wounded.
The iguana bites you.
You shoot a sling bullet. The sling bullet hits the iguana.
The iguana is severely wounded.
The iguana closely misses you.
The iguana bites you but does no damage.
You shoot a sling bullet.
The sling bullet completely misses the iguana.
The iguana misses you. You furiously retaliate!
You headbutt the iguana. You shoot a sling bullet.
The sling bullet barely misses the iguana.
The iguana bites you!
2293 ||| READING 2 scrolls of teleportation.
As you read the scroll of teleportation, it crumbles to dust.
You feel strangely unstable.
The iguana bites you but does no damage.
You shoot a sling bullet.
The sling bullet completely misses the iguana.
The iguana bites you. The iguana bites you!
You die...

..........##..####.#
......[......##
..............#
.....########.##
.... #..# ## ##.#
#.### # #...#.#
###@l%# ##.......
...$... #######


You could see an iguana.

Vanquished Creatures
  An orc priest (D:3)
  An adder (D:2)
  2 dart slugs
  4 orcs (D:3)
  4 endoplasms
  3 giant cockroaches (D:2)
  3 goblins
  3 hobgoblins
  2 quokkas (D:1)
  8 ball pythons
  3 bats
  2 frilled lizards (D:1)
  2 kobolds (D:1)
  5 rats (D:1)
43 creatures vanquished.

Notes
Turn   | Place    | Note
-------+----------+-------------------------------------------
     0 | D:1      | qw the Minotaur Hexslinger began the quest for the Orb.
     0 | D:1      | Reached XP level 1. HP: 16/16 MP: 1/1
     0 | D:1      | 0 ||| qw: Version: 0.3-a-52-g30416fa
     0 | D:1      | 0 ||| qw: Game counter: 4519
     0 | D:1      | 0 ||| qw: Melee chars always use a shield: true
     0 | D:1      | 0 ||| qw: God list: Okawaru
     0 | D:1      | 0 ||| qw: Allow faded altars: false
     0 | D:1      | 0 ||| qw: Do Orc after clearing Dungeon:15 true
     0 | D:1      | 0 ||| qw: Do second Lair branch before Depths: true
     0 | D:1      | 0 ||| qw: Lair rune preference: random
     0 | D:1      | 0 ||| qw: Goals: Normal
     0 | D:1      | 0 ||| PLANNING D:1-11
   123 | D:1      | Reached skill level 3 in Ranged Weapons
   136 | D:1      | Reached XP level 2. HP: 23/23 MP: 2/2
   155 | D:1      | Found Sufer's Antique Weapon Emporium.
   167 | D:1      | 167 ||| SHOPLISTING glowing triple crossbow (390 gold, have
                  | 3).
   283 | D:1      | Found Pihudd's Armour Shoppe.
   291 | D:1      | 291 ||| SHOPLISTING +2 leather armour of poison resistance
                  | (176 gold, have 3).
   291 | D:1      | 291 ||| SHOPLISTING +2 robe (139 gold, have 3).
   336 | D:1      | Found Yguklis's General Store.
   348 | D:1      | 348 ||| SHOPLISTING +1 shortbow of flaming (161 gold, have
                  | 19).
   348 | D:1      | 348 ||| SHOPLISTING potion of might (52 gold, have 19).
   348 | D:1      | 348 ||| SHOPLISTING scroll of enchant armour (97 gold, have
                  | 19).
   348 | D:1      | 348 ||| SHOPLISTING scroll of identify (26 gold, have 19).
   631 | D:1      | Found Ywues's Jewellery Shop.
   635 | D:1      | 635 ||| SHOPLISTING +4 ring of slaying (1092 gold, have
                  | 19).
   635 | D:1      | 635 ||| SHOPLISTING +6 ring of dexterity (504 gold, have
                  | 19).
   635 | D:1      | 635 ||| SHOPLISTING ring "Fiesuc" {rElec AC+4 Int+3 Dex+3}
                  | (876 gold, have 19).
   635 | D:1      | 635 ||| SHOPLISTING ring of protection from cold (350 gold,
                  | have 19).
   635 | D:1      | 635 ||| SHOPLISTING ring of resist corrosion (280 gold,
                  | have 19).
   948 | D:1      | 948 ||| UPGRADING to +0 ring mail.
   958 | D:1      | 958 ||| DROPPING +0 robe.
   959 | D:1      | 959 ||| DROPPING scroll of poison.
  1142 | D:2      | Reached XP level 3. HP: 29/29 MP: 3/3
  1719 | D:2      | Reached skill level 4 in Ranged Weapons
  2023 | D:2      | 2023 ||| UPGRADING to +2 pair of gloves.
  2028 | D:2      | 2028 ||| UPGRADING to +4 ring of slaying {mikee}.
  2029 | D:2      | 2029 ||| READING scroll labelled DUNGORHIAXT.
  2030 | D:2      | 2030 ||| READING scroll labelled JEGGUM GEF.
  2031 | D:2      | 2031 ||| READING 2 scrolls labelled DEMPEKHL WEQIFY.
  2036 | D:2      | 2036 ||| DRINKING 2 puce potions.
  2109 | D:3      | Reached XP level 4. HP: 21/36 MP: 4/4
  2292 | D:3      | HP: 8/36 [iguana (7)]
  2293 | D:3      | 2293 ||| READING 2 scrolls of teleportation.
  2294 | D:3      | Slain by an iguana

Levels and vault maps discovered:
D:1:      wheals_arrival_shading, layout_basic, serial_shops, shop, shop, shop,
          shop
D:2:      layout_basic, dk_noncrumbling_3, chequers_serial_rivers_large_a
D:3:      layout_rooms, mainiacjoe_overflow_alcove_4,
          shapermc_ecumenical_altar_mp_urbaneastern

Skill      XL: |  1  2  3 |
---------------+----------+-----
Ranged Weapons | 3 4 |  4.1
Fighting       | 2 |  2.1
Armour         | 2 |  2.2
Dodging        | |  2.1
Spellcasting   | |  1.0
Hexes          | |  2.0

Action                     |  1- 3 |  4- 6 || total
---------------------------+-------+-------++-------
   Fire: Sling             |   100 |    23 ||   123
    Use: Scroll            |     3 |     1 ||     4
         Potion            |     1 |       ||     1
 Armour: Robe              |     2 |       ||     2
         Ring mail         |    11 |    14 ||    25
  Dodge: Dodged            |    14 |    15 ||    29

Table legend:
 A = Non-vault XP
 B = Vault XP
 C = Vault XP percentage of total XP
 D = Non-vault monster count
 E = Vault monster count
 F = Vault count percentage of total count
                 A         B        C        D         E       F
            +---------+---------+-------+---------+---------+-------
      Total |     129 |       0 |   0.0 |      43 |       0 |   0.0
            +---------+---------+-------+---------+---------+-------
        D:1 |      34 |       0 |   0.0 |      23 |       0 |   0.0
        D:2 |      36 |       0 |   0.0 |      12 |       0 |   0.0
        D:3 |      59 |       0 |   0.0 |       8 |       0 |   0.0
            +---------+---------+-------+---------+---------+-------
